 Dungeon Crawl Stone Soup version 0.25.1-8-g42b30a86e7 (webtiles) character file.

Game seed: 5438365175958355369

17100 Destapler the Cleaver (level 12, -12/100 HPs)
             Began as a Hill Orc Fighter on Dec 21, 2020.
             Was a Follower of Beogh.
             Shot with an arrow by a centaur warrior (13 damage)
             ... on level 13 of the Dungeon.
             The game lasted 00:38:20 (14177 turns).

Destapler the Cleaver (Hill Orc Fighter)           Turns: 14177, Time: 00:38:21

Health: -12/100    AC: 16    Str: 24    XL:     12   Next: 44%
Magic:  15/16      EV:  8    Int:  6    God:    Beogh [*.....]
Gold:   555        SH: 15    Dex: 10    Spells: 11/11 levels left

rFire    . . .     SeeInvis +   a - +1 war axe (freeze)
rCold    + + .     Gourm    .   d - +2 kite shield
rNeg     . . .     Faith    +   r - +0 chain mail of Fuzzy Satisfaction {+Blink rPois rC+ Int-2}
rPois    +         Spirit   .   D - +0 helmet {SInv}
rElec    .         Reflect  .   B - +1 cloak {MR+}
rCorr    .         Harm     .   H - +0 pair of gloves
MR       +....                  y - +0 pair of boots
Stlth    ..........             m - amulet of faith
HPRegen  0.26/turn              F - ring of see invisible
MPRegen  0.15/turn              J - ring of protection from cold

@: no status effects
A: see invisible
a: Renounce Religion, Evoke Blink


You were on level 13 of the Dungeon.
You worshipped Beogh.
Beogh was aware of your devotion.
You were not hungry.

You visited 2 branches of the dungeon, and saw 14 of its levels.
You also visited: Ossuary.

You collected 735 gold pieces.
You spent 180 gold pieces at shops.

Inventory:

Hand Weapons
 a - a +1 war axe of freezing (weapon)
 b - a +0 mace of protection
Missiles
 c - 4 boomerangs
 n - 7 javelins
 v - a throwing net (quivered)
 z - 31 poisoned darts
 M - 9 curare-tipped darts
Armour
 d - a +2 kite shield (worn)
 p - a +2 scale mail of magic resistance
 r - the +0 chain mail of Fuzzy Satisfaction (worn) {+Blink rPois rC+ Int-2}
   (You bought it in a shop on level 5 of the Dungeon)

   It affects your intelligence (-2).
   It protects you from cold.
   It protects you from poison.
   It lets you blink.
 y - a +0 pair of boots (worn)
 B - a +1 cloak of magic resistance (worn)
 D - a +0 helmet of see invisible (worn)
 G - a scarf of invisibility
 H - a +0 pair of gloves (worn)
Jewellery
 m - an amulet of faith (around neck)
 F - a ring of see invisible (left hand)
 J - a ring of protection from cold (right hand)
 W - an uncursed ring of resist corrosion {unknown}
Wands
 O - a wand of paralysis (9)
 P - a wand of disintegration (33)
 R - a wand of acid (6)
 T - a wand of flame (19)
 U - a wand of digging (4)
Scrolls
 g - 5 scrolls of fear
 h - 5 scrolls of remove curse
 j - 9 scrolls of identify
 k - 4 scrolls of enchant weapon
 l - a scroll of brand weapon
 t - 8 scrolls of teleportation
 w - 2 scrolls of blinking
 E - 2 scrolls of amnesia
 N - a scroll of immolation
Potions
 e - a potion of invisibility
 i - a potion of flight
 o - 3 potions of berserk rage
 q - a potion of haste
 u - a potion of stabbing
 x - 5 potions of lignification
 C - a potion of cancellation
 K - a potion of mutation
 L - a potion of brilliance {unknown}
 Q - a potion of magic {unknown}
 S - 3 potions of curing
Comestibles
 f - 23 rations
 s - 9 chunks of flesh


   Skills:
 - Level 7.0 Fighting
 + Level 14.9 Axes
 - Level 6.0 Throwing
 - Level 6.0 Armour
 - Level 2.0 Dodging
 + Level 12.6 Shields
 - Level 6.0 Evocations


You had 11 spell levels left.
You didn't know any spells.
Your spell library contained the following spells:

 Spells                   Type           Power        Failure   Level  Hunger
 Animate Skeleton         Necr           N/A          99%         1    ##.....
 Pain                     Necr           #...         99%         1    ##.....
 Sandblast                Erth           #.....       99%         1    ##.....
 Passwall                 Tmut/Erth      #.......     100%        2    ###....
 Stone Arrow              Conj/Erth      #.....       100%        3    ####...
 Vampiric Draining        Necr           #.........   100%        3    ####...
 Animate Dead             Necr           N/A          100%        4    #####..
 Petrify                  Tmut/Erth      #.......     100%        4    #####..
 Agony                    Necr           #.......     100%        5    ######.
 Lee's Rapid Deconstruct  Erth           #.........   100%        5    ######.


Dungeon Overview and Level Annotations

Branches:
Dungeon (13/15)            Temple (1/1) D:5            Lair (0/6) D:8
    Orc (0/2) D:12        Ossuary (visited)
 Vaults: D:13-14

Altars:
Ashenzari
Cheibriados
Dithmenos
Elyvilon
Fedhas
Gozag
Hepliaklqana
Kikubaaqudgha
Makhleb
Nemelex Xobeh
Okawaru
Qazlal
Ru
Sif Muna
Trog
Uskayaw
Vehumet
Wu Jian
Xom
Yredelemnul
Zin
The Shining One

Shops:
D:4 [   D:5 [   D:6 (   D:9 =


Innate Abilities, Weirdness & Mutations

You have supernaturally acute eyesight. (SInv)


Message History

* * * LOW HITPOINT WARNING * * *
You block the tengu warrior's attack.
The tengu warrior pecks you but does no damage.
The tengu warrior claws you but does no damage.
The human hits you.
* * * LOW HITPOINT WARNING * * *
You blink.
You feel slightly more hungry.
The tengu conjurer gestures at you while chanting.
The ball explodes into a vile cloud!
The stinking cloud engulfs you but does no damage.
The centaur warrior wields a +0 shortbow.
The centaur warrior shoots an arrow.
You block the arrow.
You see here an arrow.
The tengu conjurer gestures wildly while chanting.
The tengu conjurer conjures a globe of magical energy!
A battlesphere comes into view.
The centaur warrior shoots an arrow.
The arrow hits you.
* * * LOW HITPOINT WARNING * * *
The centaur warrior shoots an arrow.
The arrow hits you!
You die...

........Yp..# ...
#..........# ...
#..uap*.....
.....#.Q.Q########
....'...p#......#
....####c#○.....#
# #....(☼......#
#.....°......#
#..@.........#
#............#
#.........>..###
....######))....#
..... #......#
#..... #......#
#..... #......#
#..... #......#
#....(.....


You could see a vault guard, a centaur warrior, a wizard (fast) and a tengu
conjurer.

Vanquished Creatures
  A two-headed ogre (D:10)
  A tengu warrior (D:13)
  2 unseen horrors
  2 necromancers (D:13)
  An ugly thing (D:11)
  2 cyclopes
  A gargoyle (D:12)
  A komodo dragon (D:8)
  A tengu conjurer (D:13)
  A hornet (D:11)
  5 hippogriffs
  A harpy skeleton (D:12)
  A spriggan (D:12)
  A shadow (D:13)
  3 wraiths
  3 wyverns
  9 yaks (D:12)
  4 humans (D:13)
  A hungry ghost (D:10)
  Edmund (D:6)
  A water moccasin (D:11)
  7 orc warriors
  7 sky beasts
  3 ice beasts
  A phantom (D:8)
  6 ogres
  A crocodile (D:12)
  9 centaurs
  An elf zombie (Ossuary)
  4 big kobolds
  A gnoll sergeant (D:6)
  4 bullfrogs
  3 scorpions
  3 killer bees (D:10)
  7 wights
  A howler monkey (D:3)
  5 crimson imps
  A bullfrog zombie (D:10)
  2 human zombies (Ossuary)
  2 quasits
  4 centaur zombies
  6 jellies
  8 hounds
  7 orc wizards
  5 centaur skeletons
  An iron imp (D:7)
  Terence (D:2)
  4 iguanas
  9 worker ants
  A killer bee zombie (D:10)
  A big kobold zombie (Ossuary)
  5 hound zombies
  4 mummies
  3 hound skeletons
  A worker ant zombie (D:8)
  3 gnolls (D:5)
  9 adders
  6 shadow imps
  3 adder skeletons
  2 adder zombies (Ossuary)
  3 worms
  6 dart slugs
  3 leopard geckos
  24 orcs
  5 giant cockroaches
  7 goblins (D:1)
  5 hobgoblins
  7 jackals
  26 kobolds
  3 quokkas
  7 bats
  8 frilled lizards
  A gnoll zombie (Ossuary)
  2 goblin zombies
  6 hobgoblin zombies
  A jackal skeleton (D:4)
  2 jackal zombies (Ossuary)
  8 kobold zombies
  2 orc skeletons (D:7)
  3 orc zombies
  2 quokka zombies (Ossuary)
  7 rats
  4 rat zombies (Ossuary)
  3 plants
339 creatures vanquished.

Vanquished Creatures (others)
  An orc priest (D:12)
  An orc wizard (D:12)
  2 orcs (D:12)
  A plant (D:8)
5 creatures vanquished.

Grand Total: 344 creatures vanquished

Notes
Turn   | Place    | Note
-------+----------+-------------------------------------------
     0 | D:1      | Destapler the Hill Orc Fighter began the quest for the Orb.
     0 | D:1      | Reached XP level 1. HP: 19/19 MP: 1/1
    87 | D:1      | Reached XP level 2. HP: 23/27 MP: 2/2
   151 | D:1      | Reached skill level 3 in Axes
   375 | D:1      | Reached XP level 3. HP: 26/33 MP: 3/3
  1027 | D:2      | Reached skill level 1 in Dodging
  1196 | D:2      | Reached XP level 4. HP: 40/40 MP: 4/4
  1263 | D:2      | Found a blossoming altar of Fedhas.
  1460 | D:2      | Found an iron altar of Okawaru.
  1709 | D:2      | Noticed Terence
  1720 | D:2      | Killed Terence
  2127 | D:3      | Reached XP level 5. HP: 29/47 MP: 5/5
  2150 | D:3      | Reached skill level 1 in Throwing
  2364 | D:3      | Found a white marble altar of Elyvilon.
  2683 | D:3      | Found a sparkling altar of Nemelex Xobeh.
  2685 | D:3      | Found a snail-covered altar of Cheibriados.
  2711 | D:3      | Noticed an ice beast
  2717 | D:3      | Killed an ice beast
  2717 | D:3      | Reached skill level 4 in Axes
  2717 | D:3      | Reached XP level 6. HP: 55/55 MP: 6/6
  2925 | D:4      | Reached skill level 5 in Fighting
  2955 | D:4      | Found Xikimien's Armour Shoppe.
  2975 | D:4      | Found a sand-covered staircase.
  2988 | D:4      | Reached XP level 7. HP: 40/61 MP: 7/7
  3130 | Ossuary  | Entered an ossuary
  3416 | Ossuary  | Reached skill level 5 in Axes
  3430 | Ossuary  | Reached skill level 5 in Armour
  3430 | Ossuary  | Reached skill level 5 in Shields
  4015 | D:4      | Reached XP level 8. HP: 69/69 MP: 8/8
  4174 | D:5      | Entered Level 5 of the Dungeon
  4216 | D:5      | Reached skill level 6 in Axes
  4604 | D:5      | Found a sacrificial altar of Ru.
  4607 | D:5      | Found Tapteum's Antique Armour Boutique.
  4626 | D:5      | Bought a brightly glowing chain mail for 180 gold pieces
  4636 | D:5      | Identified the cursed +0 chain mail of Fuzzy Satisfaction
                  | {+Blink rPois rC+ Int-2} (You bought it in a shop on level
                  | 5 of the Dungeon)
  4886 | D:5      | Found a shattered altar of Ashenzari.
  4890 | D:5      | Saw a vision of the Shoals and the Spider Nest.
  4890 | D:5      | Noticed a redback
  4890 | D:5      | Noticed a wolf spider
  4890 | D:5      | Noticed a redback
  4890 | D:5      | Noticed a wolf spider
  4890 | D:5      | Noticed a merfolk
  4890 | D:5      | Noticed a sea snake
  4890 | D:5      | Noticed a hippogriff
  4890 | D:5      | Noticed a sea snake
  4890 | D:5      | Noticed a merfolk
  4890 | D:5      | Noticed a sea snake
  4890 | D:5      | Noticed a merfolk
  4890 | D:5      | Noticed a hippogriff
  4890 | D:5      | Noticed a merfolk siren
  4890 | D:5      | Noticed a redback
  4891 | D:5      | Noticed a merfolk
  4990 | D:5      | Found a staircase to the Ecumenical Temple.
  4995 | Temple   | Entered the Ecumenical Temple
  5230 | D:6      | Noticed Edmund
  5266 | D:6      | Killed Edmund
  5266 | D:6      | Reached skill level 1 in Evocations
  5696 | D:6      | Reached skill level 7 in Axes
  5696 | D:6      | Reached XP level 9. HP: 74/78 MP: 10/10
  6156 | D:6      | Reached skill level 8 in Axes
  6156 | D:6      | Reached skill level 5 in Throwing
  6564 | D:6      | Found Miodduewk's Weapon Shop.
  6679 | D:6      | Found a shimmering blue altar of Sif Muna.
  6875 | D:7      | Found a glowing golden altar of the Shining One.
  7163 | D:7      | Got a faintly humming leather armour
  7819 | D:8      | Found a shimmering altar of Xom.
  7977 | D:8      | Found a staircase to the Lair.
  7990 | D:8      | Noticed a komodo dragon
  8050 | D:8      | Reached skill level 9 in Axes
  8050 | D:8      | Reached XP level 10. HP: 81/86 MP: 13/13
  8594 | D:8      | Reached skill level 5 in Evocations
  9489 | D:9      | Reached skill level 10 in Axes
  9510 | D:9      | Found Taett's Jewellery Shop.
 10081 | D:10     | Entered Level 10 of the Dungeon
 10108 | D:10     | Identified the cursed +0 leather armour of Vanity {rF+
                  | Stlth+} (You found it on level 7 of the Dungeon)
 10756 | D:10     | Noticed a two-headed ogre
 10765 | D:10     | Killed a two-headed ogre
 10765 | D:10     | Reached skill level 11 in Axes
 10765 | D:10     | Reached XP level 11. HP: 31/92 MP: 15/15
 11120 | D:10     | Found a blossoming altar of Fedhas.
 11557 | D:11     | Reached skill level 12 in Axes
 11557 | D:11     | Reached skill level 10 in Shields
 11722 | D:11     | Noticed a white ugly thing
 11731 | D:11     | Killed a white ugly thing
 12072 | D:11     | Noticed an unseen horror
 12073 | D:11     | Noticed a cyclops
 12091 | D:11     | Killed an unseen horror
 12092 | D:11     | Killed a cyclops
 12406 | D:12     | Became a worshipper of Beogh the Brigand
 12763 | D:12     | Reached skill level 13 in Axes
 12817 | D:12     | Found a radiant altar of Vehumet.
 13042 | D:12     | Reached * piety under Beogh
 13491 | D:12     | Found a staircase to the Orcish Mines.
 13523 | D:12     | Noticed a cyclops
 13540 | D:12     | Killed a cyclops
 13540 | D:12     | Reached XP level 12. HP: 71/100 MP: 16/16
 13779 | D:12     | Reached skill level 14 in Axes
 13985 | D:13     | Noticed a tengu warrior
 14004 | D:13     | Killed a tengu warrior
 14153 | D:13     | Noticed a centaur warrior
 14161 | D:13     | Noticed a tengu warrior
 14162 | D:13     | Noticed a vault guard
 14173 | D:13     | Gained mutation: Your spells are a little easier to cast,
                  | but a little less powerful. [potion of mutation]
 14173 | D:13     | Lost mutation: Your spells are a little easier to cast, but
                  | a little less powerful. [potion of mutation]
 14173 | D:13     | Gained mutation: You have supernaturally acute eyesight.
                  | (SInv) [potion of mutation]
 14173 | D:13     | HP: 3/100 [centaur warrior (9)]
 14177 | D:13     | HP: 1/100 [centaur warrior/arrow (2)]
 14177 | D:13     | Shot with an arrow by a centaur warrior

Illustrated notes

Levels and vault maps discovered:
D:1:      wander_arrival_peaceful_grave, layout_loops_ring
D:2:      layout_loops_ring, okawaru_gym_becter, first_ration, minivault_24,
          fedhas_altar_3, uniq_terence
D:3:      layout_basic, elyvilon_altar_4,
          chequers_temple_overflow_statue_of_worship
D:4:      layout_rooms, serial_shops, shop, gup_ossuary_entry_pyramid,
          hangedman_minor_gate_pass
D:5:      layout_rooms, lemuel_round_altar, temple_doors_cd, serial_shops,
          nicolae_shop_crystal, minmay_hedge_maze, grunt_ashenzari_visionary
          [grunt_ashenzari_visionary_shoals, grunt_ashenzari_visionary_spider]
D:6:      layout_basic, kennysheep_mini, serial_shops, shop, sword_in_stone,
          uniq_edmund
D:7:      layout_basic, nicolae_tso_besieged_by_evil
D:8:      layout_basic, david_lair_shrubbed, basic_altar
D:9:      layout_basic, serial_shops, shop
D:10:     layout_roguey, basic_altar, serial_bayou, serial_bayou_pond_e,
          serial_bayou_ford_a, serial_bayou_pond_b, serial_bayou_pond_b
D:11:     layout_roguey
D:12:     layout_irregular_city, orc_0_dummy, basic_altar, the_bakery
D:13:     layout_gridville, grunt_vaults_entry_tiered,
          portal_ice_cave_entry_imps, enter_bailey_6, serial_shops,
          nicolae_shop_stone, enter_trove_3, nicolae_ru_path_of_blood
Temple:   regret_index_temple_waves

Skill      XL: |  1  2  3  4  5  6  7  8  9 10 11 12 |
---------------+-------------------------------------+-----
Axes           | 3 4 5 7 9 11 13 14 | 14.9
Fighting       | 4 5 6 7 |  7.0
Dodging        | 1 2 |  2.0
Shields        | 4 5 6 7 9 11 12 | 12.6
Armour         | 4 5 6 |  6.0
Throwing       | 1 2 4 6 |  6.0
Evocations     | 1 4 6 |  6.0

Action                   |  1- 3 |  4- 6 |  7- 9 | 10-12 || total
-------------------------+-------+-------+-------+-------++-------
Melee: War axe           |    94 |   109 |   507 |   687 ||  1397
       Mace              |    37 |    76 |    80 |       ||   193
Throw: Javelin           |       |     3 |     1 |       ||     4
       Throwing net      |       |       |     1 |       ||     1
Invok: Convert to Beogh  |       |       |       |     1 ||     1
 Abil: Evoke Blink       |       |       |       |     1 ||     1
  Use: Potion            |       |     2 |     2 |     1 ||     5
       Scroll            |       |     7 |     8 |     6 ||    21
  Eat: Chunk             |     1 |     6 |    11 |    18 ||    36
       Ration            |       |       |     2 |     1 ||     3
Armor: Scale mail        |    77 |   114 |   135 |       ||   326
       Chain mail        |       |       |   112 |   270 ||   382
Dodge: Dodged            |    86 |    72 |   134 |   155 ||   447
Block: Kite shield       |       |    99 |   338 |   440 ||   877
